Map: Pillars of Gold LE

Players

KingArthur

  • Race: Zerg Zerg
  • League: Gold
  • Spawn Location: 7:00

GGCowabunga - Winner!

  • Race: Protoss Protoss
  • League: Gold
  • Spawn Location: 1:00

VOD

Have the link to the VOD?

Description

Time

  • Played on: Sept. 15, 2020, 6:08 p.m.
  • Length: 1:49
Show
View Real Time Build Order
Export as new Build Order

KingArthur Zerg 

Build Orders: Hatch First 

Get SALT Encoding   

  12  0:03  Drone  
  13  0:13  Overlord  
  13  0:18  Drone  
  14  0:33  Drone x2  
  16  0:51  Hatchery  
  16  0:55  Drone  
  16  1:11  Spawning Pool  
  16  1:13  Drone  
  16  1:16  Drone  
  17  1:20  Drone  
  17  1:24  Extractor  
  17  1:36  Drone x2  
Show
View Real Time Build Order
Export as new Build Order

GGCowabunga Protoss - Winner!

Build Orders:  

Get SALT Encoding   

  12  0:02  Probe  
  13  0:14  Probe  
  13  0:18  Pylon  
  14  0:27  Probe  
  15  0:42  Gateway  
  15  0:51  Assimilator  
  15  0:55  Assimilator  
  15  0:58  Probe  
  16  1:09  Pylon  
  16  1:11  Probe  
  17  1:23  Probe  
  18  1:35  Probe (Chrono Boost), Cybernetics Core  
Tags
 
Add a new tag
Caveats
  • Supply blocks, unpowered buildings, or Contaminate may cause inaccurate times.
  • Supply counts are checked every 10 seconds.